 Dungeon Crawl Stone Soup version 0.26-a0-812-g31a745ddcd (webtiles) character file.

Game seed: 13378431866330738861

1478 mkm the Firebug (level 8, 0/57 HPs)
             Began as a Yellow Draconian Fire Elementalist on Dec 2, 2020.
             Was an Initiate of Vehumet.
             Slain by a wight
             ... wielding a +3 short sword
              (10 damage)
             ... on level 6 of the Dungeon.
             The game lasted 00:43:21 (9394 turns).

mkm the Firebug (DrFE)                              Turns: 9394, Time: 00:43:22

Health: 0/57       AC:  6    Str: 11    XL:     8   Next: 50%
Magic:  12/17      EV: 11    Int: 18    God:    Vehumet [......]
Gold:   308        SH:  0    Dex: 11    Spells: 15/19 levels left

rFire    + . .     SeeInvis +   l - staff of poison
rCold    + . .     Faith    .   (no shield)
rNeg     . . .     Spirit   .   (armour unavailable)
rPois    +         Reflect  .   (helmet restricted)
rElec    .         Harm     .   i - scarf {rC+ rF+}
rCorr    +         Rampage  .   (no gloves)
MR       .....                  (no boots)
Stlth    +.........             (no amulet)
HPRegen  0.19/turn              c - ring of see invisible
MPRegen  0.15/turn              (no ring)

@: about to teleport, heavily drained
A: spit acid, unfitting armour, cold-blooded, acid resistance, AC +6
a: Breathe Acid, Renounce Religion


You were on level 6 of the Dungeon.
You worshipped Vehumet.
Vehumet was noncommittal.
You visited 2 branches of the dungeon, and saw 8 of its levels.

You collected 308 gold pieces.

Inventory:

Hand Weapons
 a - a +2 vorpal mace
 g - a +1 short sword of protection
 u - a +1 dagger of venom
Armour
 e - a +0 cloak
 i - a scarf of resistance (worn)
Magical Staves
 l - an uncursed staff of poison (weapon)
Jewellery
 c - a ring of see invisible (left hand)
Wands
 d - a wand of polymorph (11)
 t - a wand of iceblast (10)
Scrolls
 f - a scroll of amnesia
 h - a scroll of fear
 j - a scroll of teleportation
 k - a scroll of noise {unknown}
 n - 2 scrolls of remove curse
 p - 2 scrolls of immolation {unknown}
 r - 3 scrolls of identify
 s - 3 scrolls of random uselessness {unknown}
 w - 3 scrolls of enchant armour
Potions
 b - a potion of haste
 m - 3 potions of curing {unknown}
 o - 2 potions of berserk rage
 q - a potion of resistance {unknown}
 v - a potion of heal wounds


   Skills:
 - Level 1.7(0.1) Dodging
 - Level 1.7(0.1) Stealth
 + Level 6.4(4.5) Spellcasting
 + Level 4.0(2.2) Conjurations
 + Level 2.0(0.3) Hexes
 + Level 7.3(5.4) Fire Magic


You had 15 spell levels left.
You knew the following spells:

 Your Spells              Type           Power        Failure   Level
a - Foxfire               Conj/Fire      ###.         3%          1
b - Inner Flame           Hex/Fire       ##......     13%         3

Your spell library contained the following spells:

 Spells                   Type           Power        Failure   Level
 Conjure Flame            Conj/Fire      ###.....     9%          3
 Corona                   Hex            #......      12%         1
 Animate Skeleton         Necr           #.....       14%         1
 Apportation              Tloc           #.....       14%         1
 Sting                    Tmut/Pois      #...         14%         1
 Summon Small Mammal      Summ           #...         14%         1
 Ignite Poison            Fire/Tmut/Pois ###.....     21%         3
 Poisonous Vapours        Pois/Air       #.....       22%         2
 Sticky Flame             Conj/Fire      ###.....     28%         4
 Mephitic Cloud           Conj/Pois/Air  ##......     30%         3
 Fireball                 Conj/Fire      ###.......   63%         5
 Olgreb's Toxic Radiance  Pois           #.......     80%         4


Dungeon Overview and Level Annotations

Branches:
Dungeon (7/15)             Temple (1/1) D:6

Altars:
Cheibriados
Elyvilon
Fedhas
Gozag
Hepliaklqana
Makhleb
Nemelex Xobeh
Okawaru
Ru
Sif Muna
Trog
Uskayaw
Vehumet
Xom
Yredelemnul
Zin
The Shining One

Annotations:
D:4 3 runed translucent doors, urnamphora's ghost, amateur MiBe


Innate Abilities, Weirdness & Mutations

You can spit globs of acid.
Your golden yellow scales are hard. (AC +6)
You cannot fit into any form of body armour.
You are cold-blooded and may be slowed by cold attacks.
You are resistant to acid. (rCorr)


Message History

The wight hits you with a +3 short sword.
You climb upwards.
There is a stone staircase leading down here.
The wight hits you with a +3 short sword.
You feel drained.
You barely miss the wight. The wight barely misses you.
The wight closely misses you.
The wight hits you with a cursed +0 hand axe.
You hit the wight.
The wight is lightly damaged.
The wight hits you but does no damage.
The wight hits you with a cursed +0 hand axe!
* * * LOW HITPOINT WARNING * * *
You feel drained.
* * * LOW HITPOINT WARNING * * *
Your magical contamination has completely faded away.
As you read the scroll of teleportation, it crumbles to dust.
You feel strangely unstable.
The wight hits you with a +3 short sword!
You die...

###.. #.. ####.. #....#
##### #.##.# ##..≈♣#
#.##.# #######.♣≈≈≈♣#
#.##..
#...##.#≈≈≈♣.#####.###.
#.)..z@###...##......[.
#...##z####..##.####.##
###...###[###..##.####.#
#..######.......[....#.#
#.##...##########.##.#.##
###⌠.<.⌠## #........
#.......###########..###
#.>.⌠.<.#.....#####..###
#.......#..............#


You could see 2 wights.

Vanquished Creatures
  An orc warrior (D:5)
  An ice beast (D:6)
  A phantom (D:6)
  A sky beast (D:6)
  3 scorpions (D:5)
  A wight (D:6)
  A howler monkey (D:4)
  2 bullfrog zombies
  3 hounds
  2 orc priests
  A bullfrog skeleton (D:6)
  4 iguanas
  2 orc wizards (D:5)
  4 worker ants
  A worker ant zombie (D:5)
  2 hound skeletons
  17 adders
  4 gnolls
  A white imp (D:5)
  An ufetubus (D:5)
  3 adder skeletons
  2 worms
  4 dart slugs
  4 leopard geckos
  19 orcs
  2 ball pythons
  9 bats
  7 giant cockroaches
  9 goblins
  10 hobgoblins
  11 jackals
  7 kobolds
  3 quokkas
  A ball python skeleton (D:3)
  8 frilled lizards
  5 rats
157 creatures vanquished.

Vanquished Creatures (others)
  467 foxfires
  A withered plant (D:5)
468 creatures vanquished.

Grand Total: 625 creatures vanquished

Notes
Turn   | Place    | Note
-------+----------+-------------------------------------------
     0 | D:1      | mkm the Draconian Fire Elementalist began the quest for the
                  | Orb.
     0 | D:1      | Reached XP level 1. HP: 14/14 MP: 3/3
   422 | D:1      | Reached XP level 2. HP: 20/20 MP: 1/5
  1120 | D:1      | Reached XP level 3. HP: 26/26 MP: 0/7
  1776 | D:2      | Reached skill level 4 in Fire Magic
  1839 | D:2      | Reached XP level 4. HP: 33/33 MP: 5/8
  1998 | D:2      | Found a snail-covered altar of Cheibriados.
  2794 | D:2      | Reached XP level 5. HP: 38/38 MP: 7/10
  3512 | D:3      | Reached skill level 5 in Fire Magic
  3678 | D:3      | Learned a level 3 spell: Inner Flame
  4100 | D:4      | Reached XP level 6. HP: 33/45 MP: 3/12
  5367 | D:4      | Found a runed translucent gate.
  5368 | D:4      | Found a runed translucent gate.
  5368 | D:4      | Found a runed translucent gate.
  5368 | D:4      | Found an opulent altar of Gozag.
  5368 | D:4      | Noticed urnamphora's ghost (amateur MiBe)
  5445 | D:4      | Reached skill level 5 in Spellcasting
  5646 | D:4      | Reached skill level 6 in Fire Magic
  5675 | D:4      | Your scales start taking on a golden yellow colour.
  5675 | D:4      | Reached XP level 7. HP: 46/50 MP: 5/14
  5675 | D:4      | Gained mutation: You are resistant to acid. (rCorr) [Yellow
                  | Draconian growth]
  6364 | D:5      | Entered Level 5 of the Dungeon
  7233 | D:5      | Found a basalt altar of Yredelemnul.
  7907 | D:6      | Reached XP level 8. HP: 51/57 MP: 11/16
  8130 | D:6      | Found a shimmering blue altar of Sif Muna.
  8149 | D:6      | Found a staircase to the Ecumenical Temple.
  8160 | Temple   | Entered the Ecumenical Temple
  8424 | Temple   | Became a worshipper of Vehumet
  8523 | D:6      | Reached skill level 7 in Fire Magic
  8642 | D:6      | Found an iron altar of Okawaru.
  8653 | D:6      | Reached skill level 1 in Hexes
  8820 | D:6      | Noticed a +0 dagger
  8923 | D:6      | Found a hide-covered altar of Uskayaw.
  8924 | D:6      | Noticed a +0 hand axe
  9394 | D:6      | Slain by a wight

Illustrated notes

Levels and vault maps discovered:
D:1:      ncdulo_smallfort, layout_loops_cross, lemuel_flame_loot_1
D:2:      minmay_razor_zed, layout_rooms, lemuel_doored_altar
D:3:      layout_rooms
D:4:      layout_basic, ebering_ghost_gozag, enter_ossuary_5
D:5:      layout_cave_pools, yredelemnul_altar_generic
D:6:      layout_loops_cross, kennysheep_mini_moat, dancing_weapons_uskayaw,
          okawaru_ov_weapons_minmay, minmay_temple_entry_junction,
          serial_bayou_pond_d, minivault_25, solitary_fountain,
          grunt_ministairs_7
D:7:      layout_cave_pools, overflow_temple_1_default, serial_shops, shop
Temple:   minmay_temple_curvy_loop

Skill      XL: |  1  2  3  4  5  6  7  8 |
---------------+-------------------------+-----
Spellcasting   | 3 4 5 6 |  6.4
Fire Magic     | 4 5 6 7 |  7.3
Conjurations   | 3 4 |  4.0
Hexes          | 2 |  2.0
Dodging        | |  1.7
Stealth        | |  1.7

Action                   |  1- 3 |  4- 6 |  7- 9 || total
-------------------------+-------+-------+-------++-------
Melee: Unarmed           |    18 |       |       ||    18
       Tailslap          |     4 |     8 |     7 ||    19
       Short sword       |     5 |    86 |    41 ||   132
       Staff             |       |       |    27 ||    27
 Cast: Foxfire           |    65 |   126 |    81 ||   272
       Inner Flame       |       |    12 |    22 ||    34
 Abil: Breathe Acid      |       |       |     3 ||     3
  Use: Scroll            |     5 |     5 |     5 ||    15
       Potion            |       |       |     4 ||     4
 Stab: Sleeping          |     1 |       |       ||     1
Armor: Skin              |    22 |    53 |    42 ||   117
Dodge: Dodged            |    32 |   110 |    70 ||   212

Table legend: (Time is in decaauts)
 A = Elapsed time spent in this place.
 B = Non-inter-level travel time spent in this place.
 C = Inter-level travel time spent in this place.
 D = Time resting spent in this place.
 E = Time spent auto-exploring this place.
 F = Levels seen in this place.
 G = Mean time per level.
                   A        B        C        D        E       F      G
               +--------+--------+--------+--------+--------+-----+--------+
         Total |   9432 |   9334 |     98 |   2698 |   4620 |   8 | 1179.0 |
       Dungeon |   9154 |   9056 |     98 |   2698 |   4620 |   7 | 1307.7 |
        Temple |    278 |    278 |      0 |      0 |      0 |   1 |  278.0 |
               +--------+--------+--------+--------+--------+-----+--------+

Top non-repeatable levels by time:
     D:4: 1943 daAuts
     D:5: 1561 daAuts
     D:3: 1512 daAuts
     D:1: 1463 daAuts
     D:2: 1454 daAuts
     D:6: 1210 daAuts
  Temple: 278 daAuts
     D:7: 8 daAuts
